Map: Pillars of Gold LE

Players

SKillous - Winner!

  • Race: Protoss Protoss
  • League: Grandmaster
  • Spawn Location: 1:00

Lambo

  • Race: Zerg Zerg
  • League: Master
  • Spawn Location: 7:00

Event: DreamHack SC2 Masters 2020 Winter

VOD

Have the link to the VOD?

Description

Time

  • Played on: Oct. 29, 2020, 3:45 p.m.
  • Length: 13:44

All games in this series

Show
View Real Time Build Order
Export as new Build Order

SKillous Protoss - Winner!

Build Orders:  

Get SALT Encoding   

  12  0:00  Probe  
  13  0:12  Probe  
  14  0:20  Pylon  
  14  0:24  Probe  
  15  0:38  Probe (Chrono Boost)  
  15  0:41  Gateway  
  16  0:47  Assimilator, Probe (Chrono Boost)  
  17  0:52  Probe (Chrono Boost)  
  18  1:04  Forge  
  19  1:15  Pylon  
  19  1:26  Pylon  
  19  1:27  Pylon  
  18  1:36  Photon Cannon  
  19  1:40  Probe  
  19  1:51  Photon Cannon  
  19  1:54  Pylon  
  19  2:01  Probe  
  19  2:04  Nexus  
  20  2:15  Cybernetics Core  
  20  2:18  Probe  
  21  2:23  Assimilator  
  21  2:30  Probe  
  22  2:42  Probe  
  23  2:44  Pylon  
  23  2:49  Adept (Chrono Boost)  
  23  2:52  Warp Gate  
  25  3:00  Probe  
  25  3:06  Stargate  
  25  3:12  Probe  
  26  3:15  Adept (Chrono Boost)  
  28  3:24  Probe (Chrono Boost)  
  30  3:29  Probe (Chrono Boost)  
  31  3:35  Probe (Chrono Boost)  
  31  3:40  Void Ray (Chrono Boost)  
  31  3:43  Probe  
  31  3:44  Probe  
  33  3:55  Probe  
  38  3:57  Probe  
  38  3:59  Pylon  
  39  4:07  Probe  
  39  4:09  Probe  
  44  4:18  Void Ray  
  44  4:19  Probe  
  44  4:21  Probe  
  44  4:22  Twilight Council  
  47  4:36  Probe (Chrono Boost)  
  47  4:38  Probe (Chrono Boost)  
  47  4:39  Assimilator  
  47  4:40  Assimilator  
  47  4:45  Stargate  
  47  4:48  Probe (Chrono Boost)  
  47  4:50  Probe (Chrono Boost)  
  47  4:52  Pylon  
  49  4:53  Probe (Chrono Boost)  
  49  4:55  Adept  
  49  4:57  Probe  
  53  5:04  Probe  
  53  5:05  Void Ray  
  54  5:10  Probe  
  54  5:12  Pylon  
  59  5:16  Probe  
  59  5:17  Adept  
  62  5:30  Probe x2  
  62  5:35  Pylon  
  64  5:37  Adept, Dark Shrine  
  68  5:45  Void Ray (Chrono Boost)  
  70  5:53  Probe x2  
  72  5:57  Nexus  
  72  6:02  Pylon  
  72  6:04  Void Ray (Chrono Boost)  
  72  6:05  Probe  
  72  6:11  Probe  
  78  6:18  Gateway  
  78  6:20  Probe  
  78  6:21  Void Ray (Chrono Boost)  
  78  6:23  Probe  
  78  6:24  Shield Battery  
  85  6:32  Probe  
  85  6:35  Probe  
  85  6:36  Pylon  
  86  6:49  Void Ray (Chrono Boost)  
  86  6:50  Pylon  
  86  6:54  Probe x2  
  86  6:55  Pylon  
  92  7:02  Assimilator  
  92  7:07  Assimilator, Probe  
  92  7:08  Void Ray (Chrono Boost)  
  97  7:09  Pylon  
  97  7:11  Probe  
  97  7:13  Probe  
  99  7:19  Probe  
  100  7:23  Probe, Protoss Air Weapons Level 1, Templar Archives  
  100  7:25  Probe  
  100  7:29  Void Ray (Chrono Boost)  
  106  7:31  Pylon, Probe, Void Ray (Chrono Boost)  
  107  7:37  Probe  
  107  7:39  Probe  
  107  7:40  Psionic Storm  
  113  7:46  Pylon  
  113  7:47  Charge  
  113  7:48  Probe  
  114  7:53  Gateway  
  114  7:54  Gateway  
  110  7:59  Photon Cannon  
  110  8:06  High Templar  
  110  8:12  Photon Cannon  
  112  8:13  High Templar  
  114  8:20  Gateway x2  
  114  8:24  Gateway  
  114  8:25  Gateway  
  114  8:29  Protoss Ground Weapons Level 1  
  114  8:33  Photon Cannon  
  114  8:35  Photon Cannon  
  114  8:40  High Templar  
  116  8:44  Shield Battery x2  
  116  8:46  Shield Battery  
  116  8:47  High Templar x2  
  120  8:52  Pylon  
  120  8:55  Dark Templar  
  122  9:03  Photon Cannon  
  122  9:04  Shield Battery  
  122  9:07  Photon Cannon  
  122  9:08  Pylon  
  120  9:16  Zealot x3, Void Ray (Chrono Boost)  
  124  9:20  Zealot x3  
  124  9:22  Void Ray (Chrono Boost)  
  134  9:35  Archon x2  
  120  9:38  Zealot x2  
  120  9:39  Zealot x2  
  126  9:50  Void Ray (Chrono Boost)  
  124  9:53  High Templar x3  
  124  9:56  Probe x2  
  136  10:02  Void Ray (Chrono Boost)  
  136  10:03  High Templar  
  136  10:07  Nexus  
  136  10:08  Pylon  
  140  10:18  Robotics Facility  
  140  10:21  Zealot  
  140  10:22  Zealot x2, Sentry  
  140  10:26  Void Ray (Chrono Boost)  
  140  10:27  Zealot  
  153  10:36  Zealot x3  
  153  10:40  Protoss Ground Weapons Level 2 (Chrono Boost)  
  157  10:43  Zealot x2, Sentry  
  157  10:46  Pylon  
  163  10:52  Pylon  
  161  11:06  High Templar, Pylon  
  161  11:07  High Templar, Zealot x2  
  161  11:10  Nexus  
  161  11:11  Archon  
  161  11:13  Zealot x3  
  161  11:17  Pylon  
  165  11:24  Observer (Chrono Boost)  
  166  11:25  High Templar  
  166  11:27  Pylon  
  168  11:33  High Templar  
  168  11:35  High Templar  
  168  11:37  Archon  
  172  11:42  Photon Cannon  
  172  11:43  Photon Cannon  
  172  11:45  Shield Battery  
  172  11:46  Pylon  
  172  11:48  Observer  
  172  11:50  Assimilator, Zealot x2  
  172  11:53  Zealot x2  
  181  11:54  High Templar  
  181  11:55  Assimilator  
  181  12:11  Fleet Beacon  
  181  12:12  Zealot x2  
  181  12:13  High Templar, Zealot  
  188  12:28  Zealot x4  
  188  12:29  Stargate  
  194  12:41  Cybernetics Core  
  190  12:45  Zealot x4  
  190  12:50  Zealot x3  
  192  12:59  Zealot  
  171  13:22  Zealot x6  
  173  13:37  High Templar x2  
Show
View Real Time Build Order
Export as new Build Order

Lambo Zerg 

Build Orders: Hatch First, Roach Hydra 

Get SALT Encoding   

  12  0:00  Drone  
  13  0:12  Overlord  
  13  0:17  Drone  
  14  0:31  Drone x2  
  16  0:50  Hatchery  
  16  0:53  Drone  
  16  0:57  Drone  
  17  1:00  Drone  
  18  1:11  Extractor  
  17  1:18  Spawning Pool  
  16  1:20  Drone  
  18  1:34  Drone  
  19  2:07  Zergling x2  
  20  2:11  Queen  
  22  2:19  Drone x2  
  22  2:20  Drone  
  25  2:24  Extractor  
  24  2:31  Overlord  
  24  2:36  Zergling x2  
  25  2:39  Queen  
  25  2:43  Drone  
  28  2:49  Drone  
  29  2:52  Drone  
  29  2:54  Overlord  
  29  2:57  Drone  
  31  2:59  Drone  
  31  3:03  Drone  
  33  3:09  Drone  
  34  3:15  Drone  
  34  3:17  Drone  
  36  3:21  Drone  
  36  3:22  Drone x2  
  38  3:30  Metabolic Boost  
  38  3:35  Hatchery  
  38  3:40  Zergling x4  
  39  3:41  Drone  
  39  3:42  Drone  
  41  3:50  Queen  
  41  3:51  Drone  
  41  3:54  Overlord  
  44  3:57  Overlord  
  44  4:07  Overlord  
  44  4:11  Queen  
  44  4:13  Drone x3  
  44  4:14  Drone  
  50  4:18  Overlord  
  50  4:19  Drone  
  51  4:25  Zergling x2  
  51  4:37  Drone x2  
  52  4:40  Drone  
  52  4:41  Drone, Spore Crawler  
  52  4:45  Spore Crawler  
  52  4:48  Queen  
  52  4:49  Drone x2  
  52  4:50  Spore Crawler  
  55  4:53  Queen  
  55  4:54  Drone  
  55  4:57  Drone x2  
  55  4:58  Drone x2  
  62  5:01  Drone  
  62  5:03  Drone  
  64  5:08  Drone x2  
  64  5:09  Drone  
  64  5:10  Drone x2  
  64  5:13  Extractor x2  
  67  5:18  Roach Warren  
  67  5:19  Drone x2  
  67  5:21  Drone  
  69  5:25  Lair  
  69  5:26  Drone  
  69  5:29  Overlord  
  69  5:30  Drone  
  69  5:32  Overlord  
  69  5:33  Drone  
  69  5:34  Drone  
  72  5:40  Evolution Chamber  
  73  5:44  Extractor  
  73  5:45  Drone, Overlord  
  73  5:49  Overlord  
  73  5:51  Drone x2  
  73  5:52  Overlord  
  73  5:55  Drone x2  
  77  6:07  Roach x9  
  77  6:09  Zerg Missile Weapons Level 1  
  77  6:11  Overlord  
  93  6:16  Roach x2  
  93  6:17  Roach  
  99  6:18  Overlord  
  99  6:24  Overlord  
  99  6:25  Glial Reconstitution  
  99  6:31  Hydralisk Den  
  98  6:35  Extractor  
  98  6:37  Drone x3  
  98  6:38  Extractor  
  99  6:40  Drone x3  
  99  6:41  Drone x3  
  99  6:46  Overlord  
  105  6:47  Overlord  
  105  6:48  Roach x2  
  105  6:49  Queen  
  105  6:53  Drone  
  112  7:02  Muscular Augments, Hydralisk x4  
  120  7:10  Hydralisk x3  
  126  7:18  Queen, Hydralisk  
  126  7:21  Pneumatized Carapace  
  130  7:27  Hydralisk x3  
  136  7:30  Overlord  
  136  7:35  Hydralisk x3  
  142  7:39  Hydralisk  
  144  7:46  Overlord  
  144  7:47  Hydralisk x2  
  147  7:54  Hydralisk x3  
  147  7:56  Overlord x3  
  153  8:00  Queen  
  153  8:04  Hydralisk  
  153  8:05  Hydralisk x2  
  161  8:09  Overseer  
  161  8:17  Hydralisk x4  
  161  8:19  Overlord  
  169  8:20  Hydralisk  
  169  8:22  Overlord  
  169  8:24  Drone  
  169  8:27  Grooved Spines  
  172  8:29  Hydralisk  
  172  8:31  Zergling x4  
  176  8:34  Zergling x4  
  176  8:35  Zergling x2  
  176  8:40  Zergling x10  
  184  8:46  Zergling x8  
  188  8:53  Ravager x3  
  191  8:55  Zergling x4  
  191  8:56  Zergling x10, Ravager  
  191  8:57  Ravager  
  200  9:09  Hydralisk x2  
  198  9:16  Hydralisk x5  
  191  9:20  Hydralisk x2  
  191  9:23  Hydralisk  
  192  9:27  Hydralisk  
  192  9:29  Overseer  
  180  9:31  Hydralisk  
  180  9:35  Hydralisk  
  180  9:36  Hydralisk  
  146  9:39  Overseer  
  146  9:42  Zergling x12  
  125  9:56  Hydralisk x2  
  125  9:57  Hydralisk  
  127  10:01  Drone x3  
  127  10:02  Drone  
  127  10:03  Zerg Missile Weapons Level 2  
  127  10:06  Hatchery  
  131  10:07  Drone  
  131  10:11  Hydralisk x2  
  135  10:16  Hydralisk  
  135  10:17  Hydralisk  
  135  10:20  Hydralisk  
  141  10:24  Baneling Nest  
  141  10:25  Zergling x6  
  141  10:27  Overseer  
  143  10:31  Zergling x6  
  146  10:36  Drone x4  
  146  10:40  Drone x3  
  153  10:45  Queen  
  153  10:46  Evolution Chamber  
  154  10:53  Drone x5  
  159  10:58  Drone x4  
  162  11:09  Centrifical Hooks  
  162  11:11  Zergling x12  
  162  11:20  Drone, Infestation Pit  
  162  11:22  Extractor  
  162  11:23  Spore Crawler  
  160  11:31  Hatchery  
  159  11:34  Queen  
  159  11:36  Zergling x14  
  168  11:40  Spine Crawler  
  167  11:47  Zerg Melee Weapons Level 1  
  167  11:51  Baneling x4  
  167  11:52  Zergling x10  
  172  11:55  Overlord  
  172  11:59  Hive  
  171  12:05  Lurker Den  
  171  12:06  Extractor  
  169  12:09  Baneling x11, Zergling x2  
  169  12:10  Zergling x4  
  171  12:18  Zergling x16  
  178  12:24  Spire  
  178  12:26  Zergling x6  
  179  12:36  Zergling x16  
  184  12:44  Zergling x12  
  177  12:56  Baneling x10  
  177  12:57  Baneling x7, Zergling x6  
  179  12:59  Baneling x3  
  175  13:08  Hydralisk x2  
  175  13:11  Hydralisk x3  
  163  13:16  Hydralisk x2  
  163  13:18  Zergling x2  
Tags
 
Add a new tag
Caveats
  • Supply blocks, unpowered buildings, or Contaminate may cause inaccurate times.
  • Supply counts are checked every 10 seconds.